 Dungeon Crawl Stone Soup version 0.21-a0-135-g8dc100c (webtiles) character file.

14102 MatthieuS the Fighter (level 12, -27/108 (110) HPs)
             Began as a Ghoul Necromancer on July 17, 2017.
             Was a Priest of Kikubaaqudgha.
             Annihilated by Rupert
             ... wielding a +2 vampiric battleaxe
              (30 damage)
             ... on level 3 of the Lair of Beasts.
             The game lasted 01:26:37 (13736 turns).

MatthieuS the Fighter (Ghoul Necromancer)          Turns: 13736, Time: 01:26:39

HP:   -27/108 (110) AC: 12    Str: 13    XL:     12   Next: 13%
MP:   11/24         EV: 17    Int: 14    God:    Kikubaaqudgha [***...]
Gold: 636           SH:  5    Dex:  9    Spells: 2/30 levels left

rFire    . . .     SeeInvis .   a - +6 short sword (speed)
rCold    + + .     Gourm    .   y - +1 buckler
rNeg     + + +     Faith    .   S - +2 robe {rC+}
rPois    ∞         Spirit   .   d - +1 helmet
rElec    .         Reflect  .   m - +2 cloak
rCorr    .         Harm     .   M - +2 pair of gloves
MR       .....                  (no boots)
Stlth    ++........             p - amulet of regeneration
HPRegen  0.00/turn              k - ring of wizardry
MPRegen  0.19/turn              x - +4 ring of evasion

@: rotting
A: rotting body, claws 1, carnivore 3, cold resistance 1, negative energy
resistance 3, inhibited regeneration, torment resistance, unbreathing
a: Receive Corpses, Renounce Religion


You were on level 3 of the Lair of Beasts.
You worshipped Kikubaaqudgha.
Kikubaaqudgha was most pleased with you.
You were not hungry.

You visited 3 branches of the dungeon, and saw 14 of its levels.
You also visited: Sewer.

You collected 753 gold pieces.
You spent 117 gold pieces at shops.

Inventory:

Hand Weapons
 a - a +6 short sword of speed (weapon)
 u - a +2 short sword of venom
 w - a +0 hunting sling
 P - a +2 scimitar of flaming
Missiles
 f - 3 throwing nets (quivered)
Armour
 d - a +1 helmet (worn)
 e - a scarf of repulsion
 m - a +2 cloak (worn)
 y - a +1 buckler (worn)
 M - a +2 pair of gloves (worn)
 S - a +2 robe of cold resistance (worn)
Magical Staves
 L - an uncursed staff of conjuration
Jewellery
 k - a ring of wizardry (left hand)
 p - an amulet of regeneration (around neck)
 x - a +4 ring of evasion (right hand)
 z - an uncursed ring of protection from magic
 I - an uncursed ring of protection from fire
Wands
 b - a wand of polymorph (18/24)
 h - a wand of iceblast (11/15)
 r - a wand of polymorph (8/24)
 B - a wand of flame (32/48)
 J - a wand of acid (4/15)
 O - a wand of iceblast (3/15)
Scrolls
 o - 4 scrolls of remove curse
 q - 2 scrolls of recharging
 s - a scroll of holy word
 t - 2 scrolls of magic mapping
 v - a scroll of fog
 K - 3 scrolls of teleportation
Potions
 g - 2 potions of agility
 j - 4 potions of curing
 F - 2 potions of flight
 H - a potion of cancellation
 Q - a potion of mutation {unknown}
Books
 A - Kikubaaqudgha's Catalogue of Evil Magic
   (Kikubaaqudgha gifted it to you on level 9 of the Dungeon)

   Spells                             Type                      Level
   a - Animate Dead                   Necromancy                   4
   b - Bolt of Draining               Conjuration/Necromancy       5
   c - Agony                          Necromancy                   5
   d - Dispel Undead                  Necromancy                   5
   e - Simulacrum                     Ice/Necromancy               6
Miscellaneous
 E - a phantom mirror
Comestibles
 c - 8 meat rations
 i - 2 chunks of flesh
 C - 4 royal jellies


   Skills:
 + Level 11.3 Fighting
 - Level 2.5 Short Blades
 - Level 2.2 Armour
 - Level 4.5 Dodging
 - Level 3.0 Stealth
 - Level 4.1 Shields
 + Level 9.8 Spellcasting
 - Level 3.0 Charms
 - Level 8.6 Necromancy


You had 2 spell levels left.
You knew the following spells:

 Your Spells              Type           Power        Failure   Level  Hunger
a - Pain                  Necr           ####         1%          1    None
b - Animate Skeleton      Necr           N/A          1%          1    None
c - Vampiric Draining     Necr           ####......   1%          3    #......
d - Regeneration          Chrm/Necr      ###.......   1%          3    #......
e - Animate Dead          Necr           N/A          1%          4    ###....
f - Slow                  Hex            #.......     6%          2    None
g - Corpse Rot            Necr           N/A          1%          2    None
h - Control Undead        Necr           ####......   1%          4    ###....
i - Mephitic Cloud        Conj/Pois/Air  #.......     13%         3    #......
j - Agony                 Necr           ####....     3%          5    #####..


Dungeon Overview and Level Annotations

Branches:
Dungeon (10/15)            Temple (1/1) D:6            Lair (3/6) D:8
  Swamp: Lair:2-4    Shoals: Lair:2-4     Snake: Lair:2-4    Spider: Lair:2-4
    Orc: D:9-12

Altars:
Ashenzari
Dithmenos
Elyvilon
Fedhas
Gozag
Hepliaklqana
Kikubaaqudgha
Nemelex Xobeh
Okawaru
Qazlal
Ru
Sif Muna
Trog
Uskayaw
Wu Jian
Xom
Zin
The Shining One

Shops:
D:6 =   D:7 (**}

Annotations:
D:7 6 exclusions
Lair:3 Rupert


Innate Abilities, Weirdness & Mutations

Your body is rotting away.
You thrive on raw meat.
You are immune to poison.
You have sharp fingernails.
You are carnivorous and can eat meat at any time.
Your flesh is cold resistant. (rC+)
You are immune to negative energy. (rN+++)
You do not regenerate when monsters are visible.
You are immune to unholy pain and torment.
You can survive without breathing.


Message History

Okay, then.
Casting: Agony
Confirm with . or Enter, or press ? or * to list all spells.
Okay, then.
Casting: Agony
Confirm with . or Enter, or press ? or * to list all spells.
Okay, then.
Evoke which item? (* to show all) (? for menu, Esc to quit)
Aiming: Corrosive Bolt (will waste charges)
Press: ? - help, Shift-Dir - straight line, f/p - Rupert
Aim: Rupert, wielding a vampiric battleaxe and wearing a scale mail (severely wounded, berserk, fast, unusually strong)
The bolt of acid hits Rupert.
Rupert is splashed with acid.
The acid corrodes Rupert!
Rupert is almost dead.
Evoking this partially-identified wand wasted a few charges.
Rupert hits you with a vampiric battleaxe!!
* * * LOW HITPOINT WARNING * * *
Rupert hits you with a vampiric battleaxe!!
You die...
Kikubaaqudgha rasps: "You have failed me!
Welcome... oblivion!"

.##.#'###....##..#.#....[........
...........................P.P...
.................................
.................................
#####...##...##.#.#.........(....
.# #..##....##.####.............
.# #P.###...#...........%.....#.
## ....#P...#....#.............#
.# .............@@.............##
.# .###...##...#............## ##
#...##...........#....P# P#
#....##.#........##....# .#
#......####........+...P# .##
#.................##.#### ....
..................##.##.. ....
.......................... ....
...........................


You could see Rupert (berserk).

Vanquished Creatures
  A hydra (Lair:1)
  Fannar (D:10)
  Erica (D:9)
  A two-headed ogre (D:9)
  Maurice (D:8)
  A black mamba (Lair:3)
  Joseph (D:7)
  3 spiny frogs
  A komodo dragon (Lair:2)
  3 hippogriffs
  15 yaks
  A wyvern (Lair:3)
  3 hogs (D:7)
  A human (D:7)
  Duvessa (D:7)
  A water moccasin (Lair:1)
  2 sky beasts (D:8)
  4 porcupines
  A phantom (D:9)
  4 ice beasts
  A black bear (D:6)
  2 ogres (D:6)
  6 wolves (Lair:3)
  6 crocodiles
  A big kobold (D:10)
  9 bullfrogs
  A gnoll sergeant (D:9)
  A wyvern skeleton (D:9)
  4 scorpions
  2 killer bees (D:7)
  4 wights (D:8)
  3 howler monkeys
  A crimson imp (D:7)
  A bullfrog zombie (D:5)
  3 jellies
  6 orc priests
  6 hounds
  2 bullfrog skeletons
  5 iguanas
  4 orc wizards
  10 worker ants
  A hound skeleton (D:6)
  A worker ant zombie (D:6)
  6 adders
  8 gnolls
  A river rat (D:3)
  5 shadow imps
  2 oozes
  An adder skeleton (D:8)
  A worm (D:4)
  7 dart slugs
  7 leopard geckos
  31 orcs
  6 giant cockroaches
  11 goblins
  8 hobgoblins
  16 jackals
  5 quokkas
  3 ball pythons
  7 bats
  5 frilled lizards
  A giant cockroach zombie (D:6)
  13 kobolds
  2 quokka skeletons
  A quokka zombie (D:5)
  11 rats
285 creatures vanquished.

Vanquished Creatures (collateral kills)
  A spiny frog (Lair:2)
  A komodo dragon (Lair:1)
  4 blink frogs (Lair:2)
  A wyvern (Lair:3)
  A yak (Lair:2)
  An ice beast (D:7)
  A centaur (D:7)
  2 crocodiles
  A bullfrog (Lair:2)
  A crimson imp (D:7)
  A centaur skeleton (D:4)
  A hound (D:7)
  An iguana (D:7)
  A gnoll (D:9)
  3 dart slugs
  A leopard gecko (D:5)
  A jackal (D:5)
  A leopard gecko skeleton (D:7)
24 creatures vanquished.

Vanquished Creatures (others)
  A phantom (D:7)
  A human (D:10)
  Dowan (D:7)
  4 killer bees (D:7)
  A howler monkey (D:7)
  A dart slug (D:7)
  A plant (Lair:1)
10 creatures vanquished.

Grand Total: 319 creatures vanquished

Notes
Turn   | Place    | Note
-------+----------+-------------------------------------------
     0 | D:1      | MatthieuS the Ghoul Necromancer began the quest for the Orb.
     0 | D:1      | Reached XP level 1. HP: 14/14 MP: 2/2
   226 | D:1      | Reached XP level 2. HP: 16/20 MP: 0/3
  1058 | D:1      | Reached XP level 3. HP: 21/25 MP: 2/5
  1092 | D:1      | Learned a level 1 spell: Animate Skeleton
  1096 | D:1      | Learned a level 3 spell: Vampiric Draining
  1531 | D:2      | Reached skill level 5 in Necromancy
  1820 | D:2      | Reached XP level 4. HP: 33/33 MP: 3/6
  1870 | D:2      | Found a sacrificial altar of Ru.
  2456 | D:3      | Found a glowing drain.
  2487 | Sewer    | Entered a sewer
  2492 | Sewer    | Learned a level 3 spell: Regeneration
  2562 | Sewer    | Noticed a crocodile
  2578 | Sewer    | Killed a crocodile
  2578 | Sewer    | Reached XP level 5. HP: 37/37 MP: 4/8
  2965 | D:3      | Reached XP level 6. HP: 45/46 MP: 9/9
  3007 | D:3      | Found a blossoming altar of Fedhas.
  3049 | D:3      | Reached skill level 1 in Fighting
  3349 | D:3      | You fall through a shaft for 2 floors!
  3349 | D:5      | Entered Level 5 of the Dungeon
  3427 | D:5      | Reached skill level 2 in Fighting
  3537 | D:4      | Learned a level 4 spell: Animate Dead
  3978 | D:4      | Reached XP level 7. HP: 54/54 MP: 8/11
  4508 | D:3      | Found a glowing golden altar of the Shining One.
  4701 | D:5      | Reached skill level 3 in Fighting
  4894 | D:5      | Learned a level 2 spell: Slow
  4981 | D:5      | Found a white marble altar of Elyvilon.
  5474 | D:6      | Found a staircase to the Ecumenical Temple.
  5485 | Temple   | Entered the Ecumenical Temple
  5498 | Temple   | Became a worshipper of Kikubaaqudgha
  5754 | D:6      | Reached skill level 4 in Fighting
  5754 | D:6      | Reached XP level 8. HP: 29/58 MP: 6/13
  6106 | D:6      | Found Anti's Jewellery Shoppe.
  6343 | D:6      | Reached skill level 5 in Spellcasting
  6355 | D:6      | Reached skill level 5 in Fighting
  6684 | D:7      | Found Rifipsaopn's General Store.
  6694 | D:7      | Reached * piety under Kikubaaqudgha
  6694 | D:7      | Identified Kikubaaqudgha's Volume of Evil (Kikubaaqudgha gifted it to you on level 7 of the Dungeon)
  6694 | D:7      | Received a gift from Kikubaaqudgha
  6699 | D:7      | Learned a level 2 spell: Corpse Rot
  6699 | D:7      | Bought a potion of heal wounds for 65 gold pieces
  6699 | D:7      | Bought a royal jelly for 26 gold pieces
  6699 | D:7      | Bought a royal jelly for 26 gold pieces
  6718 | D:7      | Noticed Duvessa
  6723 | D:7      | Killed Duvessa
  6723 | D:7      | Reached skill level 1 in Shields
  6724 | D:7      | Noticed Dowan
  6733 | D:7      | Noticed Joseph
  6776 | D:7      | Killed Dowan
  6788 | D:7      | Killed Joseph
  6788 | D:7      | Reached XP level 9. HP: 30/74 MP: 15/15
  7006 | D:7      | Found Tupsifoji's Antique Weapon Boutique.
  7126 | D:7      | Reached skill level 1 in Charms
  7132 | D:7      | Reached skill level 6 in Fighting
  7275 | D:7      | Reached ** piety under Kikubaaqudgha
  7284 | D:7      | Found Ytium's Assorted Antiques.
  7298 | D:7      | Found Iweffabu's Gadget Emporium.
  7535 | D:8      | Found a shattered altar of Ashenzari.
  7542 | D:8      | Found a deep blue altar of Sif Muna.
  7701 | D:8      | Reached skill level 7 in Fighting
  7718 | D:8      | Reached XP level 10. HP: 50/86 MP: 18/18
  7956 | D:8      | Found an opulent altar of Gozag.
  8177 | D:8      | Learned a level 4 spell: Control Undead
  8252 | D:8      | Noticed Maurice
  8285 | D:8      | Killed Maurice
  8469 | D:8      | Found a staircase to the Lair.
  9060 | D:9      | Found an iron altar of Okawaru.
  9066 | D:9      | Noticed a two-headed ogre
  9095 | D:9      | Killed a two-headed ogre
  9095 | D:9      | Reached skill level 8 in Fighting
  9095 | D:9      | Reached skill level 1 in Short Blades
  9608 | D:9      | Noticed Erica
  9634 | D:9      | Killed Erica
  9900 | D:9      | Learned a level 3 spell: Mephitic Cloud
 10032 | D:9      | Reached *** piety under Kikubaaqudgha
 10032 | D:9      | Identified Kikubaaqudgha's Catalogue of Evil Magic (Kikubaaqudgha gifted it to you on level 9 of the Dungeon)
 10032 | D:9      | Received a gift from Kikubaaqudgha
 10256 | D:10     | Entered Level 10 of the Dungeon
 10318 | D:9      | Reached skill level 1 in Armour
 10318 | D:9      | Reached XP level 11. HP: 50/94 MP: 2/21
 10485 | D:10     | Noticed Fannar
 10511 | D:10     | Killed Fannar
 10511 | D:10     | Reached skill level 9 in Fighting
 10630 | D:10     | HP: 3/96 [yak (15)]
 10759 | D:10     | Found an ancient bone altar of Kikubaaqudgha.
 11190 | Lair:1   | Entered Level 1 of the Lair of Beasts
 11307 | Lair:1   | Noticed a seven-headed hydra
 11323 | Lair:1   | Killed a four-headed hydra
 12213 | Lair:2   | Reached skill level 10 in Fighting
 12423 | Lair:2   | Learned a level 5 spell: Agony
 13325 | Lair:3   | Reached skill level 11 in Fighting
 13325 | Lair:3   | Reached XP level 12. HP: 61/101 MP: 19/24
 13629 | Lair:3   | Noticed Rupert
 13736 | Lair:3   | HP: 3/108 [Rupert/vampiric battleaxe (19)]
 13736 | Lair:3   | Annihilated by Rupert

Vault maps used:
D:1:      shiori_arrival_oz
D:2:      nicolae_ru_awakened_eye
D:3:      nicolae_tso_swordbearing_angel, lemuel_crystal_altar,
          cheibrodos_sewer_entry_sluice, cheibrodos_gnoll_hut
D:5:      kennysheep_mini, first_bread, dk_rats_in_the_wall
D:6:      temple_fountains, serial_shops, shop
D:7:      kennysheep_slugbush, serial_shops, nicolae_shop_crystal,
          nicolae_shop_overgrown_old_shop, nicolae_shop_crystal,
          nicolae_shop_crystal, grunt_livestock, uniq_duvessa, uniq_joseph
D:8:      nicolae_gozag_seed_capital, nicolae_overflow_hidden_temple,
          lemuel_crystal_altar, kennysheep_little_box, lair_entry_dummy,
          enter_bailey_7, grunt_decor_cap, uniq_maurice
D:9:      kennysheep_mini_moat, hangedman_decor_clover_reticule, uniq_erica
D:10:     tgw_kikubaaqudgha, uniq_fannar
Temple:   cyrus_circular_temple
Lair:1:   grunt_megastairs_3, lemuel_fruit_tree, lemuel_fruit_fields
Lair:2:   serial_bayou_shore_b
Lair:3:   basic_altar, lemuel_fruit_fields, uniq_rupert
Sewer:    sewer_the_crocodile

Skill      XL: |  1  2  3  4  5  6  7  8  9 10 11 |
---------------+----------------------------------+-----
Spellcasting   | 2 3 4 5 6 7 9 |  9.8
Necromancy     | 5 6 7 8 |  8.6
Fighting       | 2 4 5 7 8 11 | 11.3
Shields        | 3 4 |  4.1
Charms         | 3 |  3.0
Dodging        | 2 4 |  4.5
Short Blades   | 2 |  2.5
Armour         | 1 2 |  2.2
Stealth        | 3 |  3.0

Action                   |  1- 3 |  4- 6 |  7- 9 | 10-12 || total
-------------------------+-------+-------+-------+-------++-------
Melee: Unarmed           |    24 |       |       |       ||    24
       Dagger            |    50 |    37 |       |       ||    87
       Short sword       |       |   139 |   432 |   614 ||  1185
       Scimitar          |       |       |       |     3 ||     3
 Fire: Hunting sling     |       |       |    10 |       ||    10
Throw: Stone             |     1 |       |       |       ||     1
 Cast: Pain              |    52 |    34 |    72 |   105 ||   263
       Animate Skeleton  |       |     4 |       |     3 ||     7
       Animate Dead      |       |     2 |    17 |    26 ||    45
       Vampiric Draining |       |     1 |     8 |    32 ||    41
       Regeneration      |       |     1 |     4 |     7 ||    12
       Slow              |       |       |    12 |       ||    12
       Corpse Rot        |       |       |     2 |     7 ||     9
       Agony             |       |       |       |    14 ||    14
       Mephitic Cloud    |       |       |       |     3 ||     3
       Control Undead    |       |       |       |     1 ||     1
Invok: Receive Corpses   |       |       |     1 |     9 ||    10
Evoke: Wand              |       |       |       |     4 ||     4
  Use: Scroll            |       |    13 |     7 |    19 ||    39
       Potion            |       |     3 |     6 |     5 ||    14
 Stab: Sleeping          |     1 |     1 |     1 |     1 ||     4
       Invisible         |       |     5 |     4 |       ||     9
       Distracted        |       |       |       |     1 ||     1
  Eat: Chunk             |     6 |     8 |    20 |    39 ||    73
       Royal jelly       |       |       |       |     4 ||     4
Armor: Robe              |    13 |    18 |    68 |    98 ||   197
Dodge: Dodged            |    56 |   127 |   284 |   342 ||   809
       Deflected         |       |       |     3 |     1 ||     4
Block: Buckler           |       |       |    38 |   107 ||   145
